 Dungeon Crawl Stone Soup version 0.25-a0-589-g1e14c549ee (webtiles) character file.

Game seed: 4385824140838101811, levelgen mode: deterministic

272 Kohma the Digger (level 6, -4/32 HPs)
             Began as a Gargoyle Earth Elementalist on Mar 11, 2020.
             Splashed by a jelly's acid (6 damage)
             ... on level 5 of the Dungeon.
             The game lasted 00:10:06 (3832 turns).

Kohma the Digger (Gargoyle Earth Elementalist)      Turns: 3832, Time: 00:10:06

Health: -4/32      AC:  0    Str: 12    XL:     6   Next: 23%
Magic:  10/10      EV: 11    Int: 17    God:
Gold:   111        SH:  0    Dex: 10    Spells: 1/11 levels left

rFire    . . .     SeeInvis .   n - +2 dagger (elec)
rCold    . . .     Gourm    .   (no shield)
rNeg     + . .     Faith    .   e - +1 leather armour
rPois    ∞         Spirit   .   (no helmet)
rElec    +         Reflect  .   (no cloak)
rCorr    .         Harm     .   (no gloves)
MR       .....                  (no boots)
Stlth    ++........             (no amulet)
HPRegen  0.10/turn              (no ring)
MPRegen  0.12/turn              w - +3 ring of protection

@: corroded
A: negative energy resistance 1, electricity resistance, unbreathing,
petrification resistance, rot immunity, AC +4
a: no special abilities


You were on level 5 of the Dungeon.
You were hungry.

You visited 1 branch of the dungeon, and saw 5 of its levels.

You collected 111 gold pieces.

Inventory:

Hand Weapons
 n - a +2 dagger of electrocution (weapon)
Missiles
 b - 98 stones
 l - 57 sling bullets
 o - 11 poisoned darts (quivered)
 u - 39 bolts
Armour
 c - a +0 robe
 e - a +1 leather armour (worn)
Jewellery
 w - a +3 ring of protection (right hand)
Scrolls
 i - 5 scrolls of teleportation
 m - 3 scrolls of remove curse
Potions
 h - a potion of haste {unknown}
 j - a potion of berserk rage {unknown}
 k - a potion of resistance {unknown}
 q - 2 potions of curing {unknown}
 v - a potion of lignification {unknown}
Comestibles
 a - a chunk of flesh
 d - 9 rations


   Skills:
 - Level 1.5 Dodging
 - Level 2.1 Stealth
 + Level 3.2 Spellcasting
 - Level 2.1 Conjurations
 + Level 1.5 Transmutations
 * Level 6.4 Earth Magic


You had one spell level left.
You knew the following spells:

 Your Spells              Type           Power        Failure   Level  Hunger
a - Sandblast             Erth           ###...       1%          1    None
b - Passwall              Tmut/Erth      ###.....     6%          2    ##.....
c - Stone Arrow           Conj/Erth      ###...       11%         3    ###....
d - Petrify               Tmut/Erth      ###.....     38%         4    ####...

Your spell library contained the following spells:

 Spells                   Type           Power        Failure   Level  Hunger
 Lee's Rapid Deconstruct  Erth           ###.......   38%         5    ######.


Dungeon Overview and Level Annotations

Branches:
Dungeon (5/15)
 Temple: D:4-7

Altars:
Cheibriados
Elyvilon
Okawaru


Innate Abilities, Weirdness & Mutations

You are resistant to torment.
Your stone body is resilient. (AC +4)
You are immune to poison.
You resist negative energy. (rN+)
You are resistant to electric shocks. (rElec)
You can survive without breathing.
You are immune to petrification.
You are immune to rotting.


Message History

You hit the jelly. The acid corrodes you!
Your hands burn!
The jelly is moderately wounded.
The jelly closely misses you.
You hit the jelly.
Your hands burn!
The jelly is moderately wounded.
The jelly barely misses you.
You hit the jelly but do no damage. The acid corrodes you!
Your hands burn!
The jelly is moderately wounded.
The jelly hits you. The acid corrodes you!
You are splashed with acid!
You hit the jelly but do no damage.
Your hands burn!
* * * LOW HITPOINT WARNING * * *
The jelly is moderately wounded.
The orc barely misses you. The jelly completely misses you.
Okay, then.
Okay, then.
Okay, then.
The orc closely misses you. The jelly hits you.
* * * LOW HITPOINT WARNING * * *
You are splashed with acid.
You die...

**.#.###..,,*,,
**###########........,*,,,,
**,....#.....#.###...[,,,,,,
**,,..................#***,,,
*,,,...........o####..###*,,,
*,,,.................<..#*,,,
*,,,.._....<........o........
*,,,...............#.#.......
*,,,........@......#.*#......
*,,,..$....J)o.......*,......
**,,.$..............#*,##....
**,....#....)......,,,**....
**################*****,...
*,,,, *****


You could see an orc warrior, a jelly and an orc.

Vanquished Creatures
  A phantom (D:4)
  An orc wizard (D:4)
  A worker ant (D:4)
  4 gnolls (D:2)
  2 adders (D:2)
  2 oozes (D:2)
  An adder skeleton (D:4)
  A worm (D:2)
  2 dart slugs (D:1)
  4 leopard geckos
  7 orcs
  3 giant cockroaches
  3 goblins
  6 hobgoblins
  2 kobolds
  A quokka (D:4)
  6 bats
  3 frilled lizards (D:1)
  A rat (D:1)
51 creatures vanquished.

Notes
Turn   | Place    | Note
-------+----------+-------------------------------------------
     0 | D:1      | Kohma the Gargoyle Earth Elementalist began the quest for
                  | the Orb.
     0 | D:1      | Reached XP level 1. HP: 10/10 MP: 3/3
   319 | D:1      | Reached skill level 4 in Earth Magic
   319 | D:1      | Reached XP level 2. HP: 12/15 MP: 1/5
   686 | D:1      | Reached XP level 3. HP: 19/19 MP: 6/6
  1038 | D:1      | Learned a level 2 spell: Passwall
  1042 | D:1      | Learned a level 3 spell: Stone Arrow
  1845 | D:2      | Reached skill level 5 in Earth Magic
  1845 | D:2      | Reached XP level 4. HP: 19/24 MP: 6/8
  2321 | D:2      | Reached skill level 1 in Conjurations
  2690 | D:3      | Found an iron altar of Okawaru.
  3042 | D:3      | Reached XP level 5. HP: 19/28 MP: 1/9
  3163 | D:3      | Learned a level 4 spell: Petrify
  3197 | D:4      | Noticed a phantom
  3222 | D:4      | Killed a phantom
  3222 | D:4      | Reached skill level 1 in Transmutations
  3222 | D:4      | Reached skill level 6 in Earth Magic
  3679 | D:4      | Found a white marble altar of Elyvilon.
  3724 | D:5      | Entered Level 5 of the Dungeon
  3724 | D:5      | Noticed an orc warrior
  3735 | D:4      | Reached XP level 6. HP: 27/32 MP: 6/10
  3823 | D:5      | Found a snail-covered altar of Cheibriados.
  3832 | D:5      | Splashed by a jelly's acid

Levels and vault maps discovered:
D:1:      kilobyte_arrival_exit_the_forest, layout_rooms, dk_noncrumbling_2
D:2:      layout_loops_ring, serial_bayou, serial_bayou_ford_a,
          serial_bayou_shore_b, serial_bayou_lagoon_a, serial_bayou_shore_b,
          serial_bayou_crossing, serial_bayou_pond_d
D:3:      layout_basic, okawaru_trees_1, first_ration
D:4:      layout_loops_ring, glass_columns_a, lemuel_altar_in_water
D:5:      kennysheep_big_flooded_room, layout_rooms, serial_shops, shop,
          cheibriados_altar_1

Skill      XL: |  1  2  3  4  5 |
---------------+----------------+-----
Earth Magic    | 4 5 6 |  6.4
Spellcasting   | 3 |  3.2
Conjurations   | 1 2 |  2.1
Transmutations | 1 |  1.5
Dodging        | |  1.5
Stealth        | |  2.1

Action                   |  1- 3 |  4- 6 || total
-------------------------+-------+-------++-------
Melee: Unarmed           |     8 |       ||     8
       Spear             |    95 |    17 ||   112
       Dagger            |       |   101 ||   101
Throw: Dart              |    18 |     8 ||    26
       Stone             |     1 |       ||     1
 Cast: Sandblast         |    19 |    30 ||    49
  Use: Scroll            |       |     9 ||     9
 Stab: Sleeping          |     1 |     1 ||     2
  Eat: Chunk             |     3 |     6 ||     9
Armor: Robe              |     5 |       ||     5
       Leather armour    |    32 |    50 ||    82
Dodge: Dodged            |    53 |    72 ||   125

Table legend:
 A = Non-vault XP
 B = Vault XP
 C = Vault XP percentage of total XP
 D = Non-vault monster count
 E = Vault monster count
 F = Vault count percentage of total count
                 A         B        C        D         E       F
            +---------+---------+-------+---------+---------+-------
      Total |     389 |       0 |   0.0 |      51 |       0 |   0.0
            +---------+---------+-------+---------+---------+-------
        D:1 |      39 |       0 |   0.0 |      20 |       0 |   0.0
        D:2 |     107 |       0 |   0.0 |      12 |       0 |   0.0
        D:3 |      24 |       0 |   0.0 |      10 |       0 |   0.0
        D:4 |     216 |       0 |   0.0 |       8 |       0 |   0.0
        D:5 |       3 |       0 |   0.0 |       1 |       0 |   0.0
            +---------+---------+-------+---------+---------+-------
